Map: Kairos Junction LE

Players

마녀쭈

  • Race: Terran Terran
  • Spawn Location: 11:00

playezvibe - Winner!

  • Race: Zerg Zerg
  • League: Bronze
  • Spawn Location: 5:00

VOD

Have the link to the VOD?

Description

Time

  • Played on: July 4, 2019, 6:15 p.m.
  • Length: 17:09
Show
View Real Time Build Order
Export as new Build Order

마녀쭈 Terran 

Build Orders:  

Get SALT Encoding   

  12  0:05  SCV  
  13  0:24  SCV  
  14  0:36  Refinery, SCV  
  15  0:45  Refinery  
  15  1:06  Supply Depot  
  15  1:28  SCV  
  16  1:40  SCV  
  16  1:46  Barracks  
  17  1:52  SCV  
  18  2:04  SCV  
  19  2:14  Barracks  
  19  2:16  SCV  
  19  2:17  Supply Depot  
  20  2:36  Marine  
  21  2:54  Marine  
  21  2:55  Bunker  
  22  3:12  Marine  
  23  3:13  Marine  
  24  3:29  Marine  
  24  3:31  Marine  
  26  3:47  Marine  
  27  3:49  Marine  
  28  4:05  Marine  
  28  4:07  Marine  
  30  4:12  Bunker  
  30  4:23  Marine  
  31  4:24  Supply Depot  
  31  4:45  Marine x2  
  33  4:55  Supply Depot  
  33  5:03  Marine x2  
  35  5:21  Marine x2  
  37  5:39  Marine x2  
  39  5:57  Marine x2  
  41  6:14  Marine x2  
  43  6:32  Marine x2  
  45  6:50  Marine  
  46  6:57  Marine  
  46  6:59  Supply Depot  
  47  7:21  Marine x2  
  49  7:39  Marine x2  
  51  7:56  Marine x2  
  53  8:05  Barracks  
  53  8:12  Supply Depot  
  53  8:14  Marine x2  
  55  8:33  Marine x2  
  57  8:51  Marine x2  
  57  8:54  Supply Depot  
  59  9:01  Supply Depot  
  59  9:09  Marine x2  
  61  9:18  Reaper  
  62  9:27  Marine x2  
  64  9:44  Marine x2  
  66  9:50  Reaper  
  67  10:02  Marine x2  
  69  10:20  Marine x2  
  71  10:22  Reaper  
  72  10:37  Bunker  
  72  10:38  Marine, Reaper  
  74  10:54  Reaper  
  74  10:56  Marine  
  76  11:10  Reaper  
  77  11:14  Marine  
  78  11:26  Reaper  
  79  11:39  Supply Depot  
  79  12:00  Marine x2, Reaper  
  82  12:07  Supply Depot  
  82  12:17  Supply Depot  
  82  12:18  Marine x2  
  84  12:32  Reaper  
  84  12:36  Marine x2  
  87  12:50  Barracks  
  87  12:54  Marine x2  
  89  13:05  Reaper  
  90  13:11  Marine x2  
  92  13:27  Bunker  
  92  13:29  Marine x2  
  94  13:37  Reaper  
  95  13:47  Marine x2  
  97  14:05  Marine x2  
  97  14:09  Reaper  
  100  14:13  Barracks  
  100  14:23  Marine x2  
  102  14:33  Marine  
  103  14:54  Bunker  
  103  15:22  Reaper, Supply Depot  
  103  15:24  Marine x2  
  103  15:25  Marine  
  93  15:42  Marine  
  87  15:43  Marine  
  41  16:00  Marine  
  41  16:01  Marine  
  27  16:18  Marine  
Show
View Real Time Build Order
Export as new Build Order

playezvibe Zerg - Winner!

Build Orders: Pool First 

Get SALT Encoding   

  12  0:11  Drone  
  12  0:12  Drone  
  14  0:17  Overlord  
  14  0:38  Spawning Pool  
  13  0:44  Drone x2  
  15  0:54  Extractor  
  15  0:56  Drone  
  16  0:57  Drone  
  16  1:22  Drone x2  
  16  1:25  Queen  
  20  1:41  Drone  
  20  1:42  Drone  
  22  1:54  Overlord  
  22  2:13  Hatchery  
  21  2:16  Drone  
  21  2:17  Drone  
  23  2:30  Lair  
  23  2:46  Zergling x8  
  23  2:47  Zergling x2  
  28  3:07  Metabolic Boost  
  28  3:21  Spore Crawler  
  27  3:46  Drone x3  
  30  3:50  Drone x3  
  33  4:10  Queen  
  33  4:14  Pneumatized Carapace  
  35  4:20  Drone  
  35  4:24  Overlord  
  36  4:43  Drone x3  
  39  4:45  Queen  
  39  4:51  Drone x3  
  44  5:01  Overlord  
  44  5:19  Queen  
  46  5:21  Queen  
  48  5:28  Drone  
  48  5:29  Drone  
  48  5:30  Overlord  
  50  5:37  Overlord x2  
  50  5:38  Overlord  
  50  5:55  Queen  
  50  5:56  Drone  
  50  5:57  Queen, Overlord x2  
  53  5:58  Overlord  
  55  6:20  Hatchery  
  54  6:30  Queen  
  54  6:32  Queen  
  58  6:51  Overlord  
  58  6:52  Overlord x6  
  58  6:53  Overlord x2  
  58  7:06  Queen  
  60  7:11  Drone x2  
  60  7:12  Drone x4  
  60  7:13  Drone x2  
  68  8:07  Drone x3  
  71  8:14  Queen  
  73  8:33  Extractor  
  72  8:44  Extractor  
  71  8:49  Extractor  
  71  8:50  Drone x3, Queen  
  75  9:00  Extractor  
  75  9:02  Overlord x3  
  74  9:25  Queen  
  76  9:47  Drone  
  76  9:48  Drone x2  
  79  9:59  Evolution Chamber  
  78  10:01  Queen  
  78  10:03  Evolution Chamber  
  79  10:10  Roach Warren  
  78  10:37  Queen  
  80  10:57  Hydralisk Den  
  80  10:58  Tunneling Claws  
  80  11:03  Roach x5  
  80  11:04  Roach x4  
  93  11:05  Roach x3  
  93  11:06  Roach x5  
  93  11:07  Roach x2  
  117  11:15  Zerg Missile Weapons Level 1  
  117  11:17  Zerg Ground Armor Level 1  
  117  11:48  Grooved Spines  
  117  11:51  Hydralisk x3  
  117  11:52  Hydralisk x6  
  117  11:53  Hydralisk x5  
  145  12:43  Hydralisk x2  
  145  12:44  Hydralisk x3  
  147  12:45  Hydralisk x3  
  161  13:12  Zerg Melee Weapons Level 1  
  161  13:16  Zerg Missile Weapons Level 2  
  161  13:31  Drone x2  
  161  13:32  Drone  
  161  13:33  Drone x2  
  161  13:34  Drone  
  167  13:42  Extractor  
  166  14:07  Hydralisk x4  
  166  14:08  Hydralisk x4  
  166  14:09  Hydralisk  
  184  14:16  Hydralisk x6  
  192  14:17  Hydralisk  
  192  14:18  Hydralisk  
  200  14:41  Muscular Augments  
Tags
 
League
Bronze
Matchup
TvZ
Opening
Pool First
Spawn Locations
Cross Positions
Add a new tag
Caveats
  • Supply blocks, unpowered buildings, or Contaminate may cause inaccurate times.
  • Supply counts are checked every 10 seconds.